 Dungeon Crawl Stone Soup version 0.18.1-1-g2f07953 (webtiles) character file.

625 Steelers13 the Covered (level 7, -1/61 HPs)
             Began as a Minotaur Berserker on June 1, 2016.
             Was an Elder of Trog.
             Slain by an adder (4 damage)
             ... on level 5 of the Dungeon.
             The game lasted 00:24:34 (5461 turns).

Steelers13 the Covered (Minotaur Berserker)         Turns: 5461, Time: 00:24:34

Health: -1/61      AC: 11    Str: 22    XL:     7   Next: 23%
Magic:  6/6        EV:  9    Int:  4    God:    Trog [****..]
Gold:   91         SH:  0    Dex: 11    Spells: 0 memorised, 6 levels left

rFire  . . .     SeeInvis +     F - +0 scimitar (slice)
rCold  . . .     Gourm    .     r - +0 chain mail (curse)
rNeg   . . .     Faith    .     (no shield)
rPois  .         Spirit   .     (helmet restricted)
rElec  .         Dismiss  .     (no cloak)
rCorr  .         Reflect  .     o - +0 pair of gloves
SustAt .         Harm     .     (no boots)
MR     .....                    v - amulet of inaccuracy (curse)
Stlth  ..........               (no ring)
                                G - ring of see invisible

@: lethally poisoned (-1 -> -3), exhausted, slowed, very slow, not resistant to
hostile enchantments, extremely unstealthy
A: retaliatory headbutt, horns 2
a: Berserk, Trog's Hand, Brothers in Arms, Burn Spellbooks, Renounce Religion


You were on level 5 of the Dungeon.
You worshipped Trog.
Trog was greatly pleased with you.
You were very hungry.

You visited 1 branch of the dungeon, and saw 5 of its levels.

You collected 203 gold pieces.
You spent 112 gold pieces at shops.

Inventory:

Hand Weapons
 a - a +0 short sword
 g - a +2 vampiric spear
 m - a +0 war axe
 q - a +2 dagger of holy wrath
 F - a +0 scimitar of slicing (weapon)
 I - a +0 halberd
 J - a +0 short sword
Missiles
 y - 6 tomahawks (quivered)
Armour
 b - a +0 animal skin
 k - a +0 scale mail
 o - a +0 pair of gloves (worn)
 r - a cursed +0 chain mail (worn)
Jewellery
 v - a cursed amulet of inaccuracy (around neck)
 G - a ring of see invisible (left hand)
Wands
 C - a wand of confusion (32/48)
Scrolls
 f - a scroll of fog {unknown}
 h - a scroll of enchant weapon {unknown}
 l - 2 scrolls of random uselessness {unknown}
 n - 3 scrolls of remove curse {unknown}
 s - a scroll of immolation {unknown}
 t - 3 scrolls of identify {unknown}
 u - a scroll of magic mapping {unknown}
 A - a scroll of enchant armour {unknown}
 E - a scroll of fear {unknown}
Potions
 e - 2 potions of might {unknown}
 i - 2 potions of degeneration {unknown}
 j - a potion of ambrosia {unknown}
 p - a potion of invisibility
 w - a potion of heal wounds {unknown}
 z - a potion of beneficial mutation {unknown}
 B - a potion of curing {unknown}
 D - a potion of haste {unknown}
 H - a potion of mutation {unknown}
Books
 x - a book of Beasts

   Spells                             Type                      Level
   a - Summon Butterflies             Summoning                    1
   b - Call Canine Familiar           Summoning                    3
   c - Summon Ice Beast               Ice/Summoning                4
   d - Summon Mana Viper              Hexes/Summoning              5
   e - Summon Hydra                   Summoning                    7
   Trog disapproves of the use of such an item.
Comestibles
 c - 4 bread rations
 d - 5 meat rations


   Skills:
 + Level 5.5 Fighting
 + Level 4.7(4.8) Short Blades
 + Level 0.5(3.2) Long Blades
 + Level 0.5 Axes
 + Level 6.4 Armour
 + Level 4.1 Dodging
 + Level 0.8 Stealth


You had 6 spell levels left.
You didn't know any spells.

Dungeon Overview and Level Annotations

Branches:
Dungeon (5/15)             Temple (0/1) D:4

Altars:
Cheibriados
Makhleb
Okawaru

Shops:
D:4 (


Innate Abilities, Weirdness & Mutations

You reflexively headbutt those who attack you in melee.
You have a pair of horns on your head.


Message History

You feel yourself slow down.
You are feeling very hungry.
An adder is nearby!
The adder bites you but does no damage. The adder closely misses you.
You furiously retaliate!
You headbutt the adder. The adder bites you.
* * * LOW HITPOINT WARNING * * *
You are poisoned.
The adder poisons you! The adder barely misses you.
You completely miss the adder. Your headbutt misses the adder.
The adder is moderately wounded.
You feel sick. The adder barely misses you. The adder bites you.
* * * LOW HITPOINT WARNING * * *
You are more poisoned.
The adder poisons you! The adder closely misses you.
You completely miss the adder.
The adder is moderately wounded.
* * * LOW HITPOINT WARNING * * *
You feel sick. The adder bites you but does no damage. The adder bites you.
You die...

#. #..# #.#.#.
... ..#... ..#
...... .. ......#
#.## .(.....
#..######..
.......##
#.#......#
........#####.<.#
......#S@......##
....# #..#####.?#
......)...# ##..#
....#####.#
##.... .. ...
####.. ##.# ..#
... ...


You could see an adder.

Vanquished Creatures
  Menkaure (D:5)
  A giant frog (D:4)
  A howler monkey (D:4)
  A hound (D:4)
  A centaur skeleton (D:4)
  An orc priest (D:3)
  Ijyb (D:3)
  An orc wizard (D:3)
  A worker ant (D:4)
  A hound skeleton (D:4)
  3 gnolls (D:4)
  5 adders
  An ooze (D:2)
  An adder skeleton (D:5)
  A worm (D:2)
  3 dart slugs (D:1)
  2 giant geckos (D:2)
  12 orcs
  A ball python (D:4)
  3 giant cockroaches
  15 goblins
  11 hobgoblins
  12 jackals
  4 quokkas
  7 bats
  6 giant newts
  6 kobolds
  30 rats
133 creatures vanquished.

Notes
Turn   | Place    | Note
--------------------------------------------------------------
     0 | D:1      | Steelers13 the Minotaur Berserker began the quest for the Orb.
     0 | D:1      | Reached XP level 1. HP: 19/19 MP: 0/0
     3 | D:1      | Noticed an electric eel
   192 | D:1      | Reached XP level 2. HP: 26/27 MP: 1/1
   739 | D:1      | Reached ** piety under Trog
   739 | D:1      | Reached XP level 3. HP: 33/33 MP: 2/2
  1251 | D:2      | Reached XP level 4. HP: 39/41 MP: 3/3
  1469 | D:2      | Reached skill level 3 in Armour
  2515 | D:3      | HP: 2/41 [orc priest/nerve-wracking pain (2)]
  2520 | D:3      | HP: 1/41 [orc priest/hand axe (1)]
  2521 | D:3      | Reached XP level 5. HP: 1/47 MP: 4/4
  3108 | D:3      | Reached skill level 4 in Armour
  3259 | D:3      | Reached *** piety under Trog
  3507 | D:3      | Noticed Ijyb
  3546 | D:3      | Killed Ijyb
  3672 | D:3      | Reached skill level 5 in Fighting
  3713 | D:3      | Found a burning altar of Makhleb.
  3716 | D:3      | Found an iron altar of Okawaru.
  4266 | D:3      | Reached **** piety under Trog
  4304 | D:4      | Found Qaegod's Weapon Boutique.
  4318 | D:4      | Bought a +0 scimitar of slicing for 112 gold pieces
  4350 | D:4      | Reached XP level 6. HP: 44/56 MP: 5/5
  4359 | D:4      | Found a snail-covered altar of Cheibriados.
  4419 | D:4      | Reached skill level 5 in Armour
  5038 | D:4      | Found a staircase to the Ecumenical Temple.
  5433 | D:5      | Entered Level 5 of the Dungeon
  5433 | D:5      | Noticed Menkaure
  5449 | D:5      | Killed Menkaure
  5449 | D:5      | Reached skill level 6 in Armour
  5449 | D:5      | Reached XP level 7. HP: 5/61 MP: 6/6
  5460 | D:5      | HP: 3/61 [adder (3)]
  5461 | D:5      | Slain by an adder

Skill      XL: |  1  2  3  4  5  6 |
---------------+-------------------+-----
Fighting       | 4 5 |  5.5
Short Blades   | 4 |  4.7
Armour         | 3 4 6 |  6.4
Dodging        | 3 4 |  4.1
Long Blades    | |  0.5
Axes           | |  0.5
Stealth        | |  0.8

Action                   |  1- 3 |  4- 6 |  7- 9 || total
-------------------------+-------+-------+-------++-------
Melee: Short sword       |    49 |       |       ||    49
       Headbutt          |    12 |    35 |       ||    47
       War axe           |    11 |    14 |       ||    25
       Dagger            |       |   167 |       ||   167
       Scimitar          |       |    63 |     2 ||    65
Invok: Berserk           |       |     1 |     1 ||     2
  Eat: Chunk             |       |    15 |       ||    15
Armor: Animal skin       |    10 |       |       ||    10
       Scale mail        |    19 |     4 |       ||    23
       Chain mail        |       |   177 |     2 ||   179
Dodge: Dodged            |    60 |   157 |     4 ||   221
